 Dungeon Crawl Stone Soup version 0.32-a0-42-ga30500b4d3 (webtiles) character file.

Game seed: 2932433486449067047

305 porpoise the Caller (level 6, -2/41 HPs)
             Began as a Demonspawn Summoner on Feb 2, 2024.
             Slain by an orc warrior
             ... wielding a +0 glaive
              (14 damage)
             ... on level 3 of the Dungeon.
             The game lasted 00:11:17 (2905 turns).

porpoise the Caller (Demonspawn Summoner)           Turns: 2905, Time: 00:11:18

Health: -2/41      AC:  3    Str:  9    XL:     6   Next: 15%
Magic:  5/11       EV: 12    Int: 17    God:
Gold:   80         SH:  0    Dex: 13    Spells: 6/12 levels left

rFire   . . .        a - +1 dagger (venom)
rCold   . . .        (no shield)
rNeg    . . .        c - +0 robe
rPois   .            (no helmet)
rElec   .            (no cloak)
rCorr   .            (no gloves)
SInv    .            m - +0 pair of boots
Will    .....        (no amulet)
Stlth   ++           (no ring)
HPRegen 0.26/turn    (no ring)
MPRegen 0.12/turn

%: no passive effects
@: unable to call your familiar
A: hooves 1, powered by death 3, demonic touch 1
a: no special abilities


You were on level 3 of the Dungeon.
You visited 1 branch of the dungeon, and saw 3 of its levels.

You collected 80 gold pieces.

Inventory:

Hand Weapons
 a - a +1 dagger of venom (weapon)
Missiles
 j - a poisoned dart (quivered)
 r - a throwing net
Armour
 c - a +0 robe (worn)
 m - a +0 pair of boots (worn)
Scrolls
 e - 2 scrolls of fog {unknown}
 f - a scroll of torment {unknown}
 k - a scroll of revelation {unknown}
 n - a scroll of vulnerability {unknown}
 q - a scroll of teleportation {unknown}
Potions
 b - 2 potions of magic
 d - a potion of cancellation {unknown}
 g - a potion of ambrosia {unknown}
 h - 4 potions of enlightenment {unknown}
 i - a potion of mutation {unknown}
 l - a potion of heal wounds {unknown}
 o - a potion of curing {unknown}
 p - a potion of resistance {unknown}


   Skills:
 - Level 1.7 Dodging
 - Level 1.7 Stealth
 + Level 3.9 Spellcasting
 * Level 6.4 Summonings


You had 6 spell levels left.
You knew the following spells:

 Your Spells              Type           Power      Damage    Failure   Level
a - Summon Small Mammal   Summ           100%       N/A       1%          1
b - Call Imp              Summ           50%        N/A       1%          2
c - Call Canine Familiar  Summ           25%        N/A       3%          3

Your spell library contained the following spells:

 Spells                   Type           Power      Damage    Failure   Level
 Summon Blazeheart Golem  Fire/Summ      14%        N/A       38%         4
 Summon Lightning Spire   Summ/Air       14%        N/A       38%         4


Dungeon Overview and Level Annotations

Branches:
Dungeon (3/15)

Altars:


Innate Abilities, Weirdness & Mutations

You have large cloven feet.
You regenerate a lot of health from kills.
Your touch may inflict minor irresistible damage on your foes.


Message History

Throw: 5 darts (poison)
Press: ? - help, Q - select action, (/) - cycle Shift-Dir - straight line, f - orc warrior
Aim: an orc warrior, wielding a +0 glaive and wearing a +0 chain mail (moderately wounded, ally target, 47% to hit)
You throw a poisoned dart. The poisoned dart hits the orc warrior.
The orc warrior is moderately wounded.
Your cerulean imp hits the orc warrior from afar with a -2 spear.
A boomerang appears from out of your range of vision.
The boomerang barely misses your cerulean imp.
Throw: 4 darts (poison)
Press: ? - help, Q - select action, (/) - cycle Shift-Dir - straight line, f/p - orc warrior
Aim: an orc warrior, wielding a +0 glaive and wearing a +0 chain mail (purple smoke, moderately wounded, ally target, 47% to hit)
You throw a poisoned dart. The poisoned dart hits the orc warrior.
The orc warrior is poisoned.
The orc warrior is moderately wounded.
The orc warrior hits you from afar with a +0 glaive!
Your cerulean imp barely misses the orc warrior.
An orc comes into view. It is wielding a +0 club.
Casting: Summon Small Mammal (safe; 1% risk of failure)
Confirm with . or Enter, or press ? or * to list all spells.
Your canine familiar is too injured to answer your call.
Throw: 3 darts (poison)
Press: ? - help, Q - select action, (/) - cycle Shift-Dir - straight line, f/p - orc warrior
Aim: an orc warrior, wielding a +0 glaive and wearing a +0 chain mail (heavily wounded, poisoned, ally target, 47% to hit)
You throw a poisoned dart.
The poisoned dart closely misses the orc warrior.
The orc warrior barely misses you.
Your cerulean imp barely misses the orc warrior.
Throw: 2 darts (poison)
Press: ? - help, Q - select action, (/) - cycle Shift-Dir - straight line, f/p - orc warrior
Aim: an orc warrior, wielding a +0 glaive and wearing a +0 chain mail (heavily wounded, poisoned, ally target, 47% to hit)
You throw a poisoned dart.
The poisoned dart closely misses the orc warrior.
The orc warrior hits you from afar with a +0 glaive!
* * * LOW HITPOINT WARNING * * *
Your cerulean imp hits the orc warrior from afar with a -2 spear.
The orc closely misses your cerulean imp.
Casting: Call Canine Familiar (dangerous; 3% risk of failure)
Confirm with . or Enter, or press ? or * to list all spells.
The orc warrior hits you from afar with a +0 glaive!
You die...

#...§r......
##.###.####. #.# #...##.
#.# ###.#.. #.# #....
#.# #.... #.#####....
##############..........
.......@.og5o.....##....
#.#####r#####.###.##.#..
#.# #.# ....### #.# #o#
#### ..# #.. #.# #.# #.#
#.# #.# #..


You could see an orc warrior (poisoned, ally target), an orc, a hobgoblin, a
friendly cerulean imp (summoned) and a friendly quokka (summoned).

Vanquished Creatures
  Sigmund (D:2)
  Robin (D:2)
  2 gnolls (D:3)
  2 adders
  3 ball pythons
  4 giant cockroaches (D:1)
  8 goblins
  6 hobgoblins
  3 jackals
  A quokka (D:2)
  3 bats
  A kobold (D:1)
  A rat (D:1)
36 creatures vanquished.

Vanquished Creatures (collateral kills)
  A gnoll (D:3)
  An adder (D:2)
  2 dart slugs
  2 ball pythons (D:1)
  A bat (D:2)
  3 endoplasms
  2 giant cockroaches
  2 goblins (D:2)
  2 hobgoblins
  3 jackals
  5 kobolds
  A quokka (D:1)
  A frilled lizard (D:1)
  4 rats
30 creatures vanquished.

Grand Total: 66 creatures vanquished

Notes
Turn   | Place    | Note
-------+----------+-------------------------------------------
     0 | D:1      | porpoise the Demonspawn Summoner began the quest for the
                  | Orb.
     0 | D:1      | Reached XP level 1. HP: 13/13 MP: 3/3
     6 | D:1      | Noticed a brain worm
     6 | D:1      | Noticed a five-headed hydra
     7 | D:1      | Noticed a polar bear
     7 | D:1      | Noticed a snapping turtle
   362 | D:1      | Discovered your monstrous ancestry.
   362 | D:1      | Gained mutation: Your touch may inflict minor irresistible
                  | damage on your foes. [demonic ancestry]
   362 | D:1      | Reached XP level 2. HP: 19/19 MP: 1/5
   416 | D:1      | You fall into a shaft and drop 1 floor!
   826 | D:1      | Learned a level 2 spell: Call Imp
   901 | D:1      | Gained mutation: You have large cloven feet. [demonic
                  | ancestry]
   901 | D:1      | Reached XP level 3. HP: 18/24 MP: 5/7
   905 | D:1      | Learned a level 3 spell: Call Canine Familiar
  1549 | D:2      | Found a faded altar of an unknown god.
  2148 | D:2      | Noticed Sigmund
  2157 | D:2      | Killed Sigmund
  2158 | D:2      | Reached skill level 6 in Summonings
  2158 | D:2      | Gained mutation: You regenerate a little health from kills.
                  | [demonic ancestry]
  2158 | D:2      | Reached XP level 4. HP: 18/30 MP: 3/9
  2158 | D:2      | Gained mutation: You regenerate health from kills. [demonic
                  | ancestry]
  2158 | D:2      | Reached XP level 5. HP: 21/35 MP: 3/10
  2179 | D:2      | Noticed Robin
  2201 | D:2      | Killed Robin
  2703 | D:3      | Gained mutation: You regenerate a lot of health from kills.
                  | [demonic ancestry]
  2703 | D:3      | Reached XP level 6. HP: 41/41 MP: 6/11
  2882 | D:3      | Noticed an orc warrior
  2905 | D:3      | Slain by an orc warrior

Illustrated notes

Levels and vault maps discovered:
D:1:      onia_arrival_zoo_common, layout_basic, serial_bayou,
          serial_bayou_pond_d, serial_bayou_lagoon_a, serial_bayou_pond_b,
          serial_bayou_pond_d
D:2:      layout_loops_ring, shapermc_ecumenical_altar_mp_ritualfount,
          uniq_sigmund, uniq_robin
D:3:      layout_loops_ring, minmay_goblin_kobold_house

Skill      XL: |  1  2  3 |
---------------+----------+-----
Spellcasting   | 3 |  3.9
Summonings     | 6 |  6.4
Dodging        | |  1.7
Stealth        | |  1.7

Action                     |  1- 3 |  4- 6 || total
---------------------------+-------+-------++-------
  Melee: Dagger            |    65 |    35 ||   100
         Touch             |     8 |     9 ||    17
         Short sword       |     2 |       ||     2
         Kick              |     2 |       ||     2
         Punch             |       |     1 ||     1
  Throw: Dart              |       |     4 ||     4
   Cast: Summon Small Mamm |    40 |    15 ||    55
         Call Canine Famil |     2 |     3 ||     5
         Call Imp          |       |     1 ||     1
   Stab: Distracted        |     2 |     1 ||     3
 Armour: Robe              |    32 |    39 ||    71
  Dodge: Dodged            |    40 |    36 ||    76

Table legend: (Time is in decaauts)
 A = Elapsed time spent in this place.
 B = Non-inter-level travel time spent in this place.
 C = Inter-level travel time spent in this place.
 D = Time resting spent in this place.
 E = Time spent auto-exploring this place.
 F = Levels seen in this place.
 G = Mean time per level.
                   A        B        C        D        E       F      G
               +--------+--------+--------+--------+--------+-----+--------+
         Total |   2914 |   2874 |     40 |    601 |   1735 |   3 |  971.3 |
       Dungeon |   2914 |   2874 |     40 |    601 |   1735 |   3 |  971.3 |
               +--------+--------+--------+--------+--------+-----+--------+

Top non-repeatable levels by time:
     D:1: 1468 daAuts
     D:2: 1220 daAuts
     D:3: 224 daAuts
